 Dungeon Crawl Stone Soup version 0.31-a0-431-g88bdf31460 (webtiles) character file.

Game seed: 1226535465098974090

234847 Shayle the Martial Artist (level 19, 0/98 (149) HPs)
             Began as a Gnoll Shapeshifter on July 31, 2023.
             Was an Initiate of Gozag.
             Killed from afar by a halazid warlock (52 damage)
             ... with a bolt of negative energy
             ... in the Desolation of Salt.
             The game lasted 03:37:11 (45025 turns).

Shayle the Martial Artist (Gnoll Shapeshifter)     Turns: 45025, Time: 03:37:12

HP:   0/98 (149)    AC: 23    Str: 15    XL:     19   Next: 15%
MP:   32/32         EV: 21    Int: 12    God:    Gozag
Gold: 5199          SH: 25    Dex: 26    Spells: 10/44 levels left

rFire   + +          .
                       - Unarmed
rCold   + + +        y - +5 Storm Queen's Shield {shock, Fly rElec}
rNeg    . . .        u - +4 ring mail {rC+}
rPois   +            a - +2 helmet {Int+3}
rElec   +            H - +0 cloak of Eseusezook {Dex+7}
rCorr   .            C - +1 pair of gloves {Stlth+}
SInv    .            p - +2 pair of boots of Entitlement {rPois rF+}
Will    +....        q - amulet of reflection
Stlth   ++++++       e - ring of protection from fire
HPRegen 1.16/turn    T - ring of protection from cold
MPRegen 0.23/turn

%: reflection
@: flying, very heavily drained
A: fangs 1, strong nose, distributed training, cold resistance 1, low MP 1,
poison resistance, regeneration 1, subdued magic 1
}: 2/15 runes: decaying, gossamer
a: Renounce Religion, Potion Petition, Call Merchant, Bribe Branch


You were in the Desolation of Salt.
You worshipped Gozag.
Gozag was greatly pleased with you.
You visited 7 branches of the dungeon, and saw 32 of its levels.
You visited the Abyss 1 time.
You also visited: Trove, Gauntlet, Ice Cave and Desolation.

You collected 13698 gold pieces.
You spent 1651 gold pieces at shops.
You paid 6848 gold pieces to Gozag.

Inventory:

Hand Weapons
 c - a +1 demon trident of electrocution
 B - the +8 sling of Focus {speed, rN+}
   (You found it on level 2 of the Swamp)

   rN:        It protects you from negative energy.
 O - the +6 dagger "Kocey" {speed, rElec rN+}
   (You found it on level 8 of the Dungeon)

   rElec:     It insulates you from electricity.
   rN:        It protects you from negative energy.
 S - the +5 Lochaber axe {reach-cleave, Poleaxe Drain}
   (You found it on level 4 of the Spider Nest)

   Poleaxe:   It uses either Axes or Polearms skill, whichever is higher.
   Drain:     It drains your maximum health when unequipped.
 X - the +5 falchion "Zomaly" {heavy, rPois rN+}
   (You found it on level 1 of the Lair of Beasts)

   rPois:     It protects you from poison.
   rN:        It protects you from negative energy.
Missiles
 g - 8 throwing nets
 s - 9 silver javelins
 t - 12 curare-tipped darts (quivered)
Armour
 a - a +2 helmet of intelligence (worn)
 p - the +2 pair of boots of Entitlement (worn) {rPois rF+}
   (You found it in a treasure trove)

   rF:        It protects you from fire.
   rPois:     It protects you from poison.
 u - a +4 ring mail of cold resistance (worn)
 w - a +2 tower shield of reflection
 y - the +5 Storm Queen's Shield (worn) {shock, Fly rElec}
   (You found it in a treasure trove)

   Shock:     When it blocks an attack, it may electrocute the attacker.
   This works even against foes who are a short distance away.
   rElec:     It insulates you from electricity.
   Fly:       It grants you flight.
 C - a +1 pair of gloves of stealth (worn)
 H - the +0 cloak of Eseusezook (worn) {Dex+7}
   (You found it in a treasure trove)

   Dex:       It affects your dexterity (+7).
 V - the +3 pair of mountain boots {steadfast, rC+}
   (You found it on level 4 of the Spider Nest)

   Steadfast: It prevents involuntary movement, except for blinking,
   teleportation, or banishment.
   rC:        It protects you from cold.
Jewellery
 e - a ring of protection from fire (left hand)
 q - an amulet of reflection (around neck)
 M - a +6 ring of strength
 T - a ring of protection from cold (right hand)
Talismans
 r - a serpent talisman
 I - a dragon-blood talisman
Wands
 o - a wand of paralysis (3)
 D - a wand of mindburst (23)
 G - a wand of iceblast (22)
 N - a wand of digging (5)
 P - a wand of flame (33)
Scrolls
 h - 3 scrolls of blinking
 k - 2 scrolls of immolation
 l - 5 scrolls of fog
 m - a scroll of enchant weapon
 x - 6 scrolls of teleportation
 A - 4 scrolls of silence
 J - a scroll of revelation
 K - a scroll of fear
 R - a scroll of butterflies
 W - 2 scrolls of poison
Potions
 b - 7 potions of ambrosia
 d - 2 potions of cancellation
 f - 2 potions of resistance
 i - 5 potions of lignification
 j - 9 potions of enlightenment
 n - 6 potions of magic
 z - 2 potions of mutation
 E - 2 potions of haste
 F - 5 potions of brilliance
 L - 3 potions of invisibility
 Y - 3 potions of curing
Miscellaneous
 v - a phantom mirror (inert)


   Skills:
 + Level 13.3 Fighting
 + Level 13.1 Short Blades
 + Level 13.1 Long Blades
 + Level 13.1 Axes
 + Level 13.1 Maces & Flails
 + Level 13.1 Polearms
 + Level 13.1 Staves
 + Level 13.1 Ranged Weapons
 + Level 13.1 Throwing
 + Level 13.1 Armour
 + Level 13.8 Dodging
 + Level 13.1 Stealth
 + Level 13.1 Shields
 + Level 14.5 Unarmed Combat
 + Level 13.1 Spellcasting
 + Level 11.1 Conjurations
 + Level 11.1 Hexes
 + Level 11.1 Summonings
 + Level 11.1 Necromancy
 + Level 11.1 Translocations
 + Level 11.1 Transmutations
 + Level 11.1 Fire Magic
 + Level 11.1 Ice Magic
 + Level 11.1 Air Magic
 + Level 11.1 Earth Magic
 + Level 11.1 Poison Magic
 + Level 14.2 Invocations
 + Level 13.1 Evocations
 + Level 12.8 Shapeshifting


You had 10 spell levels left.
You knew the following spells:

 Your Spells              Type           Power      Damage    Failure   Level
a - Manifold Assault      Tloc           26%        N/A       1%          4
b - Passage of Golubria   Tloc           26%        N/A       1%          4
c - Blink                 Tloc           52%        N/A       1%          2
d - Iskenderun's Mystic   Conj/Tloc      26%        2d7       1%          4
e - Freezing Cloud        Conj/Ice/Air   13%        6-21      6%          5
f - Mephitic Cloud        Conj/Pois/Air  26%        N/A       1%          3
g - Starburst             Conj/Fire      13%        6d5       36%         6
h - Plasma Beam           Fire/Air       13%        2x1d24    36%         6

Your spell library contained the following spells:

 Spells                   Type           Power      Damage    Failure   Level
 Foxfire                  Conj/Fire      100%       2x1d9     1%          1
 Freeze                   Ice            100%       1d10      1%          1
 Necrotise                Necr           100%       1d9       1%          1
 Slow                     Hex            100%       N/A       1%          1
 Summon Small Mammal      Summ           100%       N/A       1%          1
 Cigotuvi's Dreadful Rot  Necr/Pois/Air  52%        N/A       1%          2
 Lesser Beckoning         Tloc           52%        N/A       1%          2
 Poisonous Vapours        Pois/Air       52%        N/A       1%          2
 Call Canine Familiar     Summ           26%        N/A       1%          3
 Confusing Touch          Hex            26%        N/A       1%          3
 Dazzling Flash           Conj/Hex       52%        N/A       1%          3
 Frozen Ramparts          Ice            52%        1d8       1%          3
 Gell's Gravitas          Tloc           26%        N/A       1%          3
 Hailstorm                Conj/Ice       26%        3d7       1%          3
 Ignite Poison            Fire/Tmut/Pois 26%        N/A       1%          3
 Ozocubu's Armour         Ice            26%        N/A       1%          3
 Portal Projectile        Hex/Tloc       52%        N/A       1%          3
 Summon Guardian Golem    Hex/Summ       26%        N/A       1%          3
 Teleport Other           Tloc           26%        N/A       1%          3
 Vampiric Draining        Necr           26%        2d7       1%          3
 Vhi's Electric Charge    Tloc/Air       52%        N/A       1%          3
 Volatile Blastmotes      Fire/Tloc      52%        2d14      1%          3
 Animate Armour           Summ/Erth      52%        N/A       1%          4
 Fulminant Prism          Conj/Hex       13%        3d9       1%          4
 Summon Ice Beast         Ice/Summ       26%        N/A       1%          4
 Summon Lightning Spire   Summ/Air       26%        N/A       1%          4
 Agony                    Necr           26%        N/A       6%          5
 Lee's Rapid Deconstruct  Erth           13%        3d9*      6%          5
 Metabolic Englaciation   Hex/Ice        13%        N/A       6%          5
 Silence                  Hex/Air        13%        N/A       6%          5
 Summon Mana Viper        Hex/Summ       26%        N/A       6%          5
 Dispersal                Tloc           13%        N/A       36%         6
 Haunt                    Necr/Summ      13%        N/A       92%         7
 Malign Gateway           Summ/Tloc      13%        N/A       92%         7
 Monstrous Menagerie      Summ           13%        N/A       92%         7
 Ozocubu's Refrigeration  Ice            13%        4d10      92%         7
 Borgnjor's Revivificati  Necr           13%        N/A       100%        8
 Infestation              Necr           13%        N/A       100%        8
 Summon Horrible Things   Summ           13%        N/A       100%        8
 Death's Door             Necr           13%        N/A       100%        9


Dungeon Overview and Level Annotations

Branches:
Dungeon (15/15)            Temple (1/1) D:6            Lair (5/5) D:9
  Swamp (4/4) Lair:2       Spider (4/4) Lair:3        Slime (0/5) Lair:5
    Orc (2/2) D:12            Elf (0/3) Orc:2        Vaults (1/5) D:14
  IceCv (visited)         Desolation (1/1)          Gauntlet (visited)
 Depths: D:15

Altars:
Ashenzari
Cheibriados
Dithmenos
Elyvilon
Fedhas
Gozag
Hepliaklqana
Kikubaaqudgha
Makhleb
Nemelex Xobeh
Okawaru
Qazlal
Ru
Sif Muna
Trog
Uskayaw
Vehumet
Wu Jian
Xom
Yredelemnul
Zin
The Shining One
Jiyva

Shops:
D:2 [(?   D:6 ?   D:9 *?   Orc:2 :(([**

Annotations:
D:5 2 transporters
D:14 1 runed translucent door
Swamp:3 Bai Suzhen
Spider:2 2 transporters, exclusion: orange crystal statue, Arachne; RepHenryClay's ghost, adept HOCA; Rubb's ghost, adept SpEE


Innate Abilities, Weirdness & Mutations

You have very sharp teeth.
Your uncanny sense of smell can sniff out nearby items.
Your experience applies equally to all skills.
Your flesh is cold resistant. (rC+)
Your magical capacity is low. (-10% MP)
Your system is resistant to poisons. (rPois)
Your natural rate of healing is unusually fast.
Your spells are a little easier to cast, but a little less powerful.


Message History

The halazid warlock is no longer distracted by gold.
The halazid warlock is almost destroyed.
The halazid warlock points at you and mumbles some strange words.
The bolt of negative energy hits you!
You feel drained.
You hit the halazid warlock. You bite the halazid warlock.
The halazid warlock is almost destroyed.
The halazid warlock points at you and mumbles some strange words.
The bolt of cold hits you. You resist.
You closely miss the halazid warlock. Your bite misses the halazid warlock.
The halazid warlock is almost destroyed.
You block the halazid warlock's attack.
You hit the halazid warlock but do no damage.
The halazid warlock is almost destroyed.
The halazid warlock points at you and mumbles some strange words.
The bolt of negative energy hits you!!!
You feel drained.
You punch the halazid warlock!
The halazid warlock is almost destroyed.
You hit the halazid warlock but do no damage.
The halazid warlock is almost destroyed.
You block the halazid warlock's attack.
You closely miss the halazid warlock.
You bite the halazid warlock, but do no damage.
The halazid warlock is almost destroyed.
You block the halazid warlock's attack.
You miss the halazid warlock.
You bite the halazid warlock, but do no damage.
The halazid warlock is almost destroyed.
The halazid warlock misses you.
You hit the halazid warlock.
You bite the halazid warlock, but do no damage.
The halazid warlock is almost destroyed.
The halazid warlock casts a spell at you.
The bolt of negative energy hits you!!
You feel drained.
You hit the halazid warlock but do no damage.
The halazid warlock is almost destroyed.
The halazid warlock points at you and mumbles some strange words.
The bolt of negative energy hits you!!!
You feel drained.
Ouch! That really hurt!
You die...
Your body crumbles into a pile of gold.

#######################
########################
........................
........................
................#.......
...............§§§§.....
............§.§§§§......
............§§§§§§#.....
...#####.####§.§@L.§....
...#[.#..###.§§§§§§§....
...#.)#.|#..#§§§§§.§....
S.a#..####...§§.§§.§....
9..#........#...........
L..#)...).#.##...#........
...####..#.##............
.a.....#.#..#.........8.#
......####..............#∆


You could see a halazid warlock.

Vanquished Creatures
  Mlioglotl (Spider:1)
  Frances (D:13)
  2 tentacled starspawn (Abyss:3)
  A thorn hunter (Swamp:4)
  Kirke (D:13)
  A fenstrider witch (Swamp:3)
  5 emperor scorpions
  A frost giant (IceCv)
  Louise (D:15)
  6 ghost moths
  2 imperial myrmidons (Desolation)
  A ghoul (Swamp:3)
  An orc warlord (Orc:2)
  5 broodmothers
  A black draconian (Abyss:3)
  3 bunyips
  A halazid warlock (Desolation)
  An eleionoma (Swamp:3)
  Azrael (Spider:2)
  A spark wasp (Spider:4)
  Snorg (D:13)
  3 shambling mangroves
  3 ragged hierophants (Desolation)
  A yaktaur captain (D:12)
  2 entropy weavers (Spider:2)
  A peacekeeper (Desolation)
  5 servants of whispers (Desolation)
  A great orb of eyes (Vaults:1)
  A deep elf high priest (Vaults:1)
  2 ghost crabs
  11 centaur warriors
  16 hydras
  5 boulder beetles
  A radroach (Spider:4)
  3 two-headed ogres
  An ogre mage (D:14)
  7 alligators
  A death scarab (Spider:4)
  15 death yaks
  Urug (D:13)
  5 demonic crawlers
  3 thrashing horrors (Abyss:3)
  3 orc high priests (Orc:2)
  3 sun moths
  Nergalle (D:10)
  Lodul (D:10)
  5 pharaoh ants
  3 sixfirhies (Gauntlet)
  2 skysharks
  4 orb spiders
  5 spriggan druids
  4 ironbound convokers
  2 deep trolls (Vaults:1)
  3 goliath frogs
  An anaconda skeleton (Abyss:3)
  An obsidian statue (Gauntlet)
  6 swamp dragons (Swamp:4)
  8 bog bodies
  2 lindwurms
  12 steelbarb worms
  14 orc knights
  A deep elf pyromancer (D:15)
  6 orc sorcerers
  15 wolf spiders
  12 ugly things
  2 manticores
  6 cyclopes
  A moth of wrath (Spider:4)
  6 will-o-the-wisps
  A molten gargoyle (Desolation)
  5 elephants
  3 guardian serpents (Desolation)
  8 slime creatures
  An ice statue (IceCv)
  8 cane toads
  2 gargoyles
  3 torpor snails
  3 orange demons (D:9)
  2 kobold demonologists (D:13)
  2 unseen horrors
  4 rime drakes
  2 efreet
  An ice devil (D:9)
  8 komodo dragons
  A queen bee (D:9)
  6 polar bears
  2 bloated husks (Swamp:2)
  7 meliai
  17 hornets
  13 tyrant leeches
  2 raiju (Abyss:3)
  8 trolls
  2 dream sheep (Lair:5)
  24 tarantellas
  27 saltlings (Desolation)
  14 blink frogs
  A ynoxinul (Abyss:3)
  22 jumping spiders
  5 wraiths
  20 spriggans
  2 shadows (D:12)
  52 yaks
  5 starcursed masses (Abyss:3)
  17 culicivoras
  3 basilisks
  4 water elementals (D:15)
  A wyvern (Lair:3)
  2 fire elementals (Spider:1)
  4 hogs (D:13)
  4 fire bats (Abyss:3)
  3 steam dragons
  8 vampire mosquitoes
  Menkaure (D:5)
  37 redbacks
  A neqoxec (D:9)
  7 wargs
  16 swamp worms
  2 acid dragons
  8 water moccasins
  3 hell hounds (Spider:2)
  29 orc warriors
  10 swamp drakes
  7 ice beasts
  6 black bears
  2 sky beasts
  12 ogres
  5 boggarts
  29 wolves
  20 centaurs
  A small abomination (Abyss:3)
  A phantom (D:5)
  8 kobold brigands
  3 necrophages (Swamp:3)
  19 bullfrogs
  A gnoll sergeant (D:5)
  A scorpion (D:4)
  8 wights
  A hornet simulacrum (D:15)
  35 killer bees
  7 electric eels
  3 howler monkeys
  7 jellies
  2 quasits
  14 orc priests
  Crazy Yiuf (D:6)
  3 gnoll boudas
  6 hounds
  A scorpion zombie (D:4)
  3 iguanas (D:9)
  12 orc wizards
  4 hell rats (Lair:5)
  33 gnolls
  5 adders
  13 white imps
  2 ufetubi
  3 adder zombies (D:4)
  5 worms
  63 orcs
  4 bats
  3 endoplasms
  3 giant cockroaches
  4 goblins (D:4)
  8 hobgoblins
  5 quokkas
  5 ball pythons
  3 frilled lizards
  A goblin zombie (D:6)
  6 hobgoblin zombies (D:6)
  41 kobolds
  A kobold zombie (D:6)
  An orc skeleton (D:6)
  An orc zombie (D:6)
  6 rats
  2 starspawn tentacles (Abyss:3)
1138 creatures vanquished.

Vanquished Creatures (collateral kills)
  A minotaur (Gauntlet)
  An entropy weaver (Spider:2)
  A yak (Lair:1)
  A killer bee (Lair:1)
4 creatures vanquished.

Vanquished Creatures (others)
  A ragged hierophant (Desolation)
  A hydra (Swamp:2)
  A will-o-the-wisp (Swamp:2)
  2 bloated husks
  2 saltlings (Desolation)
  A swamp worm (Swamp:4)
  A hell hound (Spider:2)
  26 foxfires
  4 starspawn tentacles (Abyss:3)
39 creatures vanquished.

Grand Total: 1181 creatures vanquished

Notes
Turn   | Place    | Note
-------+----------+-------------------------------------------
     0 | D:1      | Shayle the Gnoll Shapeshifter began the quest for the Orb.
     0 | D:1      | Reached XP level 1. HP: 17/17 MP: 1/1
   217 | D:1      | Reached XP level 2. HP: 22/23 MP: 2/2
   649 | D:2      | Found Qikhleogh's Weapon Shop.
   652 | D:2      | Reached XP level 3. HP: 28/28 MP: 3/3
   749 | D:2      | Found Hiefag's Magic Scroll Shoppe.
   855 | D:2      | Reached skill level 1 in Invocations
   889 | D:2      | Found Coregy's Antique Armour Shop.
  1034 | D:2      | Reached skill level 1 in Short Blades
  1034 | D:2      | Reached skill level 1 in Long Blades
  1034 | D:2      | Reached skill level 1 in Axes
  1034 | D:2      | Reached skill level 1 in Maces & Flails
  1034 | D:2      | Reached skill level 1 in Polearms
  1034 | D:2      | Reached skill level 1 in Staves
  1034 | D:2      | Reached skill level 1 in Ranged Weapons
  1034 | D:2      | Reached skill level 1 in Throwing
  1034 | D:2      | Reached skill level 1 in Armour
  1034 | D:2      | Reached skill level 1 in Stealth
  1034 | D:2      | Reached skill level 1 in Shields
  1034 | D:2      | Reached skill level 1 in Spellcasting
  1034 | D:2      | Reached skill level 1 in Evocations
  1043 | D:2      | Gained mutation: You have hidden genetic defects. [potion
                  | of mutation]
  1043 | D:2      | Gained mutation: You are clumsy. (Dex -2) [potion of
                  | mutation]
  1043 | D:2      | Gained mutation: Your muscles are strong. (Str +4, Int/Dex
                  | -1) [potion of mutation]
  1048 | D:2      | Reached XP level 4. HP: 8/34 MP: 5/5
  1055 | D:2      | Reached skill level 1 in Conjurations
  1055 | D:2      | Reached skill level 1 in Hexes
  1055 | D:2      | Reached skill level 1 in Summonings
  1055 | D:2      | Reached skill level 1 in Necromancy
  1055 | D:2      | Reached skill level 1 in Translocations
  1055 | D:2      | Reached skill level 1 in Transmutations
  1055 | D:2      | Reached skill level 1 in Fire Magic
  1055 | D:2      | Reached skill level 1 in Ice Magic
  1055 | D:2      | Reached skill level 1 in Air Magic
  1055 | D:2      | Reached skill level 1 in Earth Magic
  1055 | D:2      | Reached skill level 1 in Poison Magic
  1056 | D:2      | Gained mutation: Your magical capacity is low. (-10% MP)
                  | [hidden defects]
  1238 | D:3      | Gained mutation: Your magical capacity is very low. (-20%
                  | MP) [hidden defects]
  1238 | D:3      | Lost mutation: You have hidden genetic defects. [hidden
                  | defects expressed]
  1350 | D:3      | Reached XP level 5. HP: 40/40 MP: 5/5
  1660 | D:3      | Found a faded altar of an unknown god.
  1771 | D:4      | Found a basalt altar of Yredelemnul.
  2122 | D:4      | Reached XP level 6. HP: 47/47 MP: 7/7
  2356 | D:4      | Reached skill level 5 in Dodging
  2479 | D:5      | Entered Level 5 of the Dungeon
  2479 | D:5      | Found a transporter.
  2563 | D:5      | Reached XP level 7. HP: 16/52 MP: 8/8
  3024 | D:5      | Found a transporter.
  3071 | D:5      | Noticed Menkaure
  3075 | D:5      | Killed Menkaure
  3076 | D:5      | Reached XP level 8. HP: 57/60 MP: 8/9
  3102 | D:5      | Found a white marble altar of Elyvilon.
  4047 | D:6      | Found a glowing golden altar of the Shining One.
  4102 | D:6      | Found a staircase to the Ecumenical Temple.
  4115 | Temple   | Entered the Ecumenical Temple
  4157 | Temple   | Became a worshipper of Gozag Ym Sagoz the Greedy
  4342 | D:6      | Reached XP level 9. HP: 57/66 MP: 10/11
  4524 | D:6      | Found a broken altar of Ashenzari.
  4620 | D:6      | Found Puleotoa's Magic Scroll Shop.
  4624 | D:6      | Bought 2 scrolls of fear for 112 gold pieces
  4624 | D:6      | Bought a scroll of blinking for 105 gold pieces
  4624 | D:6      | Bought a scroll of enchant armour for 105 gold pieces
  4624 | D:6      | Bought a scroll of fog for 56 gold pieces
  4670 | D:6      | Found a blossoming altar of Fedhas.
  4674 | D:6      | Found an ancient bone altar of Kikubaaqudgha.
  4677 | D:6      | Found an iron altar of Okawaru.
  4759 | D:6      | Found a runed translucent door.
  4760 | D:6      | Noticed Crazy Yiuf
  4824 | D:7      | Reached skill level 5 in Fighting
  5320 | D:7      | Reached skill level 5 in Invocations
  6134 | D:8      | Noticed a hornet
  6144 | D:8      | Killed a hornet
  6145 | D:8      | Reached XP level 10. HP: 32/75 MP: 12/13
  6148 | D:8      | Reached skill level 5 in Short Blades
  6148 | D:8      | Reached skill level 5 in Long Blades
  6148 | D:8      | Reached skill level 5 in Axes
  6148 | D:8      | Reached skill level 5 in Maces & Flails
  6148 | D:8      | Reached skill level 5 in Polearms
  6148 | D:8      | Reached skill level 5 in Staves
  6148 | D:8      | Reached skill level 5 in Ranged Weapons
  6148 | D:8      | Reached skill level 5 in Throwing
  6148 | D:8      | Reached skill level 5 in Armour
  6148 | D:8      | Reached skill level 5 in Stealth
  6148 | D:8      | Reached skill level 5 in Shields
  6148 | D:8      | Reached skill level 5 in Spellcasting
  6148 | D:8      | Reached skill level 5 in Evocations
  6542 | D:8      | Identified the +6 dagger "Kocey" {speed, rElec rN+}
  6824 | D:8      | You fall into a shaft and drop 1 floor!
  6894 | D:9      | Noticed an orange demon
  7217 | D:6      | Killed Crazy Yiuf
  7606 | D:9      | Noticed a two-headed ogre
  7612 | D:9      | Killed a two-headed ogre
  7706 | D:9      | Found a bloodstained altar of Trog.
  7896 | D:9      | Noticed an orange demon
  7905 | D:10     | Entered Level 10 of the Dungeon
  7994 | D:10     | Reached XP level 11. HP: 59/83 MP: 15/15
  8147 | D:10     | Reached skill level 5 in Conjurations
  8147 | D:10     | Reached skill level 5 in Hexes
  8147 | D:10     | Reached skill level 5 in Summonings
  8147 | D:10     | Reached skill level 5 in Necromancy
  8147 | D:10     | Reached skill level 5 in Translocations
  8147 | D:10     | Reached skill level 5 in Transmutations
  8147 | D:10     | Reached skill level 5 in Fire Magic
  8147 | D:10     | Reached skill level 5 in Ice Magic
  8147 | D:10     | Reached skill level 5 in Air Magic
  8147 | D:10     | Reached skill level 5 in Earth Magic
  8147 | D:10     | Reached skill level 5 in Poison Magic
  8433 | D:10     | Found a hide-covered altar of Uskayaw.
  8497 | D:10     | Noticed Lodul
  8675 | D:9      | Found a staircase to the Lair.
  8683 | Lair:1   | Entered Level 1 of the Lair of Beasts
  9448 | D:9      | Bought a scroll of teleportation for 48 gold pieces
  9448 | D:9      | Bought a scroll of identify for 32 gold pieces
  9448 | D:9      | Bought a scroll of identify for 32 gold pieces
  9448 | D:9      | Bought a scroll of teleportation for 48 gold pieces
  9448 | D:9      | Bought a scroll of identify for 32 gold pieces
 10667 | Lair:1   | Identified the +5 falchion "Zomaly" {heavy, rPois rN+}
 10742 | Lair:1   | Noticed a lindwurm
 10759 | Lair:1   | Killed a lindwurm
 11018 | Lair:1   | Reached XP level 12. HP: 73/91 MP: 17/17
 11988 | Lair:2   | Noticed a skyshark
 12137 | Lair:2   | Killed a skyshark
 12437 | Lair:2   | Reached skill level 10 in Unarmed Combat
 12686 | Lair:2   | Found a staircase to the Swamp.
 12718 | Lair:2   | Noticed a boulder beetle
 12768 | Lair:2   | Killed a boulder beetle
 13644 | Lair:3   | Found a hole to the Spider Nest.
 13718 | Lair:3   | Found a frozen archway.
 13757 | IceCv    | Entered an ice cave
 13857 | IceCv    | Noticed a death yak
 13865 | IceCv    | Killed a death yak
 13866 | IceCv    | Noticed a death yak
 13872 | IceCv    | Killed a death yak
 13873 | IceCv    | Reached XP level 13. HP: 68/99 MP: 20/20
 14221 | IceCv    | Noticed a frost giant
 14918 | IceCv    | Killed a frost giant
 16095 | Lair:4   | You fall into a shaft and drop 1 floor!
 16095 | Lair:5   | Entered Level 5 of the Lair of Beasts
 16147 | Lair:4   | Reached skill level 10 in Dodging
 16780 | Lair:4   | Lost mutation: You are clumsy. (Dex -2) [potion of
                  | mutation]
 16780 | Lair:4   | Lost mutation: Your magical capacity is very low. (-20% MP)
                  | [potion of mutation]
 16780 | Lair:4   | Gained mutation: Your spells are a little easier to cast,
                  | but a little less powerful. [potion of mutation]
 16780 | Lair:4   | Gained mutation: Your natural rate of healing is unusually
                  | fast. [potion of mutation]
 16780 | Lair:4   | Gained mutation: Your spells are easier to cast, but less
                  | powerful. [potion of mutation]
 16781 | Lair:4   | Lost mutation: Your natural rate of healing is unusually
                  | fast. [potion of mutation]
 16781 | Lair:4   | Lost mutation: Your spells are easier to cast, but less
                  | powerful. [potion of mutation]
 16781 | Lair:4   | Lost mutation: Your muscles are strong. (Str +4, Int/Dex
                  | -1) [potion of mutation]
 16781 | Lair:4   | Gained mutation: You have hidden genetic potential. [potion
                  | of mutation]
 16781 | Lair:4   | Gained mutation: You are vulnerable to heat. (rF-) [potion
                  | of mutation]
 16781 | Lair:4   | Gained mutation: Your muscles are strong. (Str +4, Int/Dex
                  | -1) [potion of mutation]
 16781 | Lair:4   | Gained mutation: You are partially covered in large bone
                  | plates. (SH +4) [potion of mutation]
 16949 | Lair:5   | Reached skill level 10 in Shapeshifting
 16986 | Lair:5   | Reached XP level 14. HP: 40/108 MP: 24/24
 17606 | Lair:5   | Paralysed by a hornet for 1 turns
 17610 | Lair:5   | Reached skill level 10 in Invocations
 18773 | Lair:5   | Found a viscous altar of Jiyva.
 18965 | Lair:5   | Found a staircase to the Slime Pits.
 19540 | D:9      | Gained mutation: You are dopey. (Int -2) [a neqoxec]
 20012 | D:10     | Noticed Nergalle
 20023 | D:10     | Killed Nergalle
 20029 | D:10     | Found a stormy altar of Qazlal.
 20029 | D:10     | Found a shimmering altar of Xom.
 20039 | D:10     | Gained mutation: Your natural rate of healing is unusually
                  | fast. [hidden potential]
 20085 | D:11     | Found a portal to a secret trove of treasure.
 20129 | D:11     | You paid a toll of 3 potions of resistance to enter a
                  | treasure trove
 20130 | Trove    | Entered a treasure trove
 20132 | Trove    | Found the +5 Storm Queen's Shield {shock, Fly rElec}
 20140 | Trove    | Identified the +0 cloak of Eseusezook {Dex+7}
 20144 | Trove    | Identified the +2 pair of boots of Entitlement {rPois rF+}
 20146 | Trove    | Identified the +0 pair of boots of the Worm {Int+3}
 20149 | Trove    | Identified the +0 buckler "Vahom" {Dex+2}
 20151 | Trove    | Identified the +5 helmet of Obimaw {*Corrode rPois MP-9
                  | SInv}
 20152 | Trove    | Identified the +1 robe "Hiaxasin" {Contam Str+3 Int+9}
 20153 | Trove    | Identified the +0 buckler of Music {rPois rF+ Int-5}
 20156 | Trove    | Identified the +0 kite shield "Samelax" {rElec rC- Str+3
                  | Dex+3}
 20158 | Trove    | Identified the +8 plate armour "Cezeenah" {*Corrode rC+++
                  | Str+3 Dex-3}
 20595 | D:11     | Reached skill level 10 in Fighting
 21395 | D:12     | Found a gate leading to a gauntlet.
 21410 | Gauntlet | Entered a Gauntlet
 21410 | Gauntlet | Found a transporter.
 21410 | Gauntlet | Found a transporter.
 21418 | Gauntlet | Found a transporter.
 21418 | Gauntlet | Found a transporter.
 21418 | Gauntlet | Found a transporter.
 21420 | Gauntlet | Found a transporter.
 21428 | Gauntlet | Found a transporter.
 21430 | Gauntlet | Found a transporter.
 21433 | Gauntlet | Found a transporter.
 21433 | Gauntlet | Found a transporter.
 21435 | Gauntlet | Found a large runed translucent door.
 21436 | Gauntlet | Found a large runed translucent door.
 21437 | Gauntlet | Found a large runed translucent door.
 21437 | Gauntlet | Found a large runed translucent door.
 21437 | Gauntlet | Found a runed translucent door.
 21437 | Gauntlet | Found a runed translucent door.
 21438 | Gauntlet | Found a large runed translucent door.
 21438 | Gauntlet | Found a large runed translucent door.
 21438 | Gauntlet | Found a large runed translucent door.
 21438 | Gauntlet | Found a large runed translucent door.
 21439 | Gauntlet | Found a large runed translucent door.
 21439 | Gauntlet | Found a large runed translucent door.
 21439 | Gauntlet | Found a large runed translucent door.
 21440 | Gauntlet | Found a large runed translucent door.
 21440 | Gauntlet | Found a large runed translucent door.
 21441 | Gauntlet | Found a runed translucent gate.
 21441 | Gauntlet | Found a runed translucent gate.
 21441 | Gauntlet | Found a runed translucent gate.
 21443 | Gauntlet | Found a transporter.
 21443 | Gauntlet | Found a transporter.
 21555 | Gauntlet | Found a large runed translucent door.
 21558 | Gauntlet | Found a large runed translucent door.
 21558 | Gauntlet | Found a large runed translucent door.
 21660 | Gauntlet | Identified the amulet "Cammazyc" {Spirit Int+3}
 22227 | D:12     | Reached XP level 15. HP: 115/115 MP: 26/26
 22496 | D:12     | Found a staircase to the Orcish Mines.
 22550 | Orc:1    | Entered Level 1 of the Orcish Mines
 22587 | Orc:1    | Reached skill level 10 in Short Blades
 22587 | Orc:1    | Reached skill level 10 in Long Blades
 22587 | Orc:1    | Reached skill level 10 in Axes
 22587 | Orc:1    | Reached skill level 10 in Maces & Flails
 22587 | Orc:1    | Reached skill level 10 in Polearms
 22587 | Orc:1    | Reached skill level 10 in Staves
 22587 | Orc:1    | Reached skill level 10 in Ranged Weapons
 22587 | Orc:1    | Reached skill level 10 in Throwing
 22587 | Orc:1    | Reached skill level 10 in Armour
 22587 | Orc:1    | Reached skill level 10 in Stealth
 22587 | Orc:1    | Reached skill level 10 in Shields
 22587 | Orc:1    | Reached skill level 10 in Spellcasting
 22587 | Orc:1    | Reached skill level 10 in Evocations
 22970 | Orc:2    | Entered Level 2 of the Orcish Mines
 23011 | Orc:2    | Found Lier's Antique Weapon Shoppe.
 23012 | Orc:2    | Found Xucaer's Antique Armour Emporium.
 23107 | Orc:2    | Found Boecw's General Store.
 23143 | Orc:2    | Bought a scroll of teleportation for 39 gold pieces
 23143 | Orc:2    | Bought a potion of curing for 39 gold pieces
 23292 | Orc:2    | Found Vufaih's General Store.
 23513 | Orc:2    | Found a staircase to the Elven Halls.
 23918 | Orc:2    | Found a bloodstained altar of Trog.
 24013 | Orc:2    | Found Dighoc's Magic Scroll Emporium.
 24015 | Orc:2    | Found Polamy's Antique Weapon Shop.
 24031 | Orc:2    | Noticed an orc warlord
 24089 | Orc:2    | Killed an orc warlord
 24110 | Orc:2    | Gained mutation: Your system is resistant to poisons.
                  | (rPois) [hidden potential]
 24110 | Orc:2    | Lost mutation: You have hidden genetic potential. [hidden
                  | potential expressed]
 24250 | Orc:2    | Found Zuneto's Book Boutique.
 24675 | Swamp:1  | Entered Level 1 of the Swamp
 24675 | Swamp:1  | You are sucked into a shaft and drop 1 floor!
 24924 | Swamp:2  | Identified the +8 sling of Focus {speed, rN+}
 26078 | Swamp:2  | Reached XP level 16. HP: 114/125 MP: 27/27
 26876 | D:9      | Bought 3 potions of heal wounds for 165 gold pieces
 26876 | D:9      | Bought a scroll of acquirement for 572 gold pieces
 26877 | D:9      | Acquired the Discourse on the Jaunt and the Crypt
 26886 | D:9      | Learned a level 4 spell: Manifold Assault
 26891 | D:9      | Learned a level 4 spell: Passage of Golubria
 26894 | D:9      | Learned a level 2 spell: Blink
 26899 | D:9      | Learned a level 4 spell: Iskenderun's Mystic Blast
 27042 | D:2      | Bought a scroll of fog for 56 gold pieces
 27042 | D:2      | Bought a scroll of enchant armour for 105 gold pieces
 27042 | D:2      | Bought a scroll of blinking for 105 gold pieces
 27043 | D:2      | Lost mutation: You are vulnerable to heat. (rF-) [potion of
                  | mutation]
 27043 | D:2      | Lost mutation: You are dopey. (Int -2) [potion of mutation]
 27043 | D:2      | Lost mutation: You are partially covered in large bone
                  | plates. (SH +4) [potion of mutation]
 27043 | D:2      | Lost mutation: Your muscles are strong. (Str +4, Int/Dex
                  | -1) [potion of mutation]
 27043 | D:2      | Gained mutation: Your flesh is cold resistant. (rC+)
                  | [potion of mutation]
 27829 | Swamp:3  | Noticed a fenstrider witch
 28311 | Swamp:3  | Noticed Bai Suzhen
 28347 | Swamp:4  | Entered Level 4 of the Swamp
 28994 | Swamp:3  | Killed a fenstrider witch
 30031 | Swamp:4  | Noticed a thorn hunter
 30056 | Swamp:4  | Killed a thorn hunter
 30247 | Swamp:4  | Got a decaying rune of Zot
 30503 | Spider:1 | Entered Level 1 of the Spider Nest
 30833 | Spider:1 | Reached XP level 17. HP: 133/133 MP: 8/29
 31873 | Spider:2 | Noticed Azrael
 31904 | Spider:2 | Killed Azrael
 31980 | Spider:2 | Noticed Rubb's ghost (adept SpEE)
 31987 | Spider:2 | Noticed Arachne
 31996 | Spider:2 | Found a transporter.
 32035 | Spider:2 | Noticed Mlioglotl
 32040 | Spider:2 | Reached skill level 10 in Conjurations
 32040 | Spider:2 | Reached skill level 10 in Hexes
 32040 | Spider:2 | Reached skill level 10 in Summonings
 32040 | Spider:2 | Reached skill level 10 in Necromancy
 32040 | Spider:2 | Reached skill level 10 in Translocations
 32040 | Spider:2 | Reached skill level 10 in Transmutations
 32040 | Spider:2 | Reached skill level 10 in Fire Magic
 32040 | Spider:2 | Reached skill level 10 in Ice Magic
 32040 | Spider:2 | Reached skill level 10 in Air Magic
 32040 | Spider:2 | Reached skill level 10 in Earth Magic
 32040 | Spider:2 | Reached skill level 10 in Poison Magic
 32457 | Spider:2 | Found a transporter.
 32457 | Spider:2 | Noticed RepHenryClay's ghost (adept HOCA)
 32851 | Spider:1 | Killed Mlioglotl
 32983 | Spider:2 | Found the +8 lance "Wyrmbane" {slay drac, rPois rF+ rC+
                  | AC+3}
 33090 | Spider:2 | Learned a level 5 spell: Freezing Cloud
 35287 | Spider:4 | Entered Level 4 of the Spider Nest
 35588 | Spider:4 | Acquired 937 gold pieces
 37156 | Spider:4 | Reached XP level 18. HP: 141/141 MP: 2/30
 37536 | Spider:4 | Found the +5 Lochaber axe {reach-cleave, Poleaxe Drain}
 37643 | Spider:4 | Found the +3 pair of mountain boots {steadfast, rC+}
 37657 | Spider:4 | Got a gossamer rune of Zot
 38349 | D:10     | Killed Lodul
 38724 | D:13     | Noticed Snorg
 38736 | D:13     | Killed Snorg
 39049 | D:13     | Noticed Urug
 39063 | D:13     | Learned a level 3 spell: Mephitic Cloud
 39073 | D:13     | Killed Urug
 39165 | D:13     | Noticed Frances
 39177 | D:13     | Killed Frances
 39934 | D:13     | Noticed Kirke
 39941 | D:13     | Killed Kirke
 40074 | D:13     | Found a blossoming altar of Fedhas.
 41223 | D:14     | Found an ancient bone altar of Kikubaaqudgha.
 41386 | D:14     | Found a gate to the Vaults.
 41820 | D:14     | Found a runed translucent door.
 42336 | D:15     | Entered Level 15 of the Dungeon
 42988 | D:15     | Identified the +1 halberd "Comuaf" {drain, rPois Str+3}
 43048 | D:15     | Noticed Louise
 43220 | Abyss:3  | Cast into level 3 of the Abyss (Louise)
 43251 | Abyss:3  | Found a corrupted altar of Lugonu.
 43394 | Abyss:3  | Noticed a bone dragon
 43404 | Abyss:3  | Found a shadowy altar of Dithmenos.
 43610 | D:15     | Escaped the Abyss
 43627 | D:15     | Killed Louise
 43979 | Vaults:1 | Entered Level 1 of the Vaults
 44165 | Vaults:1 | Found a crumbling gateway.
 44177 | Desolati | Entered the Desolation of Salt
 44471 | Desolati | Reached XP level 19. HP: 135/149 MP: 11/32
 44578 | Desolati | Identified the +1 ring mail of Protective Custody {rC- rN+
                  | Str+3 Int+2}
 44584 | Desolati | Got the Catalogue of Subzero Distance
 44595 | Desolati | Learned a level 6 spell: Starburst
 44602 | Desolati | Learned a level 6 spell: Plasma Beam
 44957 | Desolati | Identified the ring "Sofuhaiw" {Contam rN+ Will+ MP+9
                  | Int+3}
 45025 | Desolati | Killed from afar by a halazid warlock

Illustrated notes

Levels and vault maps discovered:
D:1:      psy_arrival_terrarium, layout_loops_ring, hangedman_decor_opposing
D:2:      layout_basic, serial_rivers, chequers_serial_rivers_room_b,
          chequers_serial_rivers_room_a, chequers_serial_rivers_micro_e,
          chequers_serial_rivers_small_a, serial_shops, shop,
          nicolae_shop_overgrown_old_shop, nicolae_shop_trees
D:3:      layout_rooms, ebering_ecumenical_altar_abandoned, dk_noncrumbling_2
D:4:      minmay_door_path, layout_rooms, nicolae_yredelemnul_corpse_copse,
          minmay_checkerbox
D:5:      gammafunk_cloud_chamber, layout_loops_cross,
          nicolae_elyvilon_temple_path, uniq_menkaure
D:6:      layout_cave_pools, marbit_many_paths, grunt_temple_overflow_diamond,
          nicolae_tso_besieged_by_evil, minmay_temple_entry_waves, serial_shops,
          nicolae_shop_tiny_real_fake_doors, uniq_crazy_yiuf_cottage
D:7:      layout_gridville, minivault_27, minivault_5
D:8:      layout_basic
D:9:      layout_irregular_city, trog_butcher_becter, hellmonk_lair_entry_icy,
          serial_demonic, serial_demonic_e, serial_demonic_f, serial_demonic_a,
          serial_demonic_e
D:10:     layout_rooms, mainiacjoe_overflow_surrounded_room,
          gammafunk_temple_overflow_wave, uniq_nergalle, uniq_lodul
D:11:     layout_loops_ring, nicolae_trove_entry_columns
D:12:     kennysheep_funnel, layout_loops_ring, erik_orc_2,
          gauntlet_entry_generic, grunt_ogre_cave, minmay_unpleasant_kobolds
D:13:     layout_irregular_city, fedhas_altar_1, uniq_frances, uniq_snorg,
          uniq_kirke, uniq_urug
D:14:     layout_stronghold, hangedman_vaults_entry_quadrant_bands,
          kiku_gazebo_pond_becter, kennysheep_treasure_room
D:15:     gammafunk_depths_entry_grave, layout_basic, dk_noncrumbling_4,
          eino_small_chamber_without_monster, chequers_serial_rivers_large_b,
          uniq_louise
Temple:   hellmonk_temple_of_storms
Lair:1:   layout_roguey [special_room_bee], nicolae_volcano_entry_vermiform,
          gammafunk_lair_bear_cave
Lair:2:   layout_hall_layers, minmay_swamp_entry_worms,
          chequers_serial_rivers_micro_b, lemuel_fruit_fields
Lair:3:   layout_loops_ring, dummy_spider_entry, portal_ice_cave_entry_imps
Lair:4:   layout_misc_corridors
Lair:5:   minmay_lair_end_enchanted_forest, layout_hall_layers,
          nicolae_slime_entry_field_trip, st_stairs_13
Swamp:1:  nicolae_swamp_ascending_descending_big, layout_basic_swamp,
          evilmike_swamp_ruin_rubble_2
Swamp:2:  layout_basic_swamp, hangedman_swamp_blocks
Swamp:3:  layout_basic_swamp, serial_swamp_ruin, evilmike_swamp_ruin_house_5,
          evilmike_swamp_ruin_house_4, evilmike_swamp_ruin_house_1,
          lightli_tree_ring, uniq_bai_suzhen
Swamp:4:  swamp_basic_johnstein, layout_basic_swamp
Spider:1: layout_spider_delve
Spider:2: layout_spider_delve, nzn_ghost_randoct, uniq_arachne, uniq_mlioglotl,
          uniq_azrael
Spider:3: layout_spider_delve
Spider:4: grunt_spider_rune_parallel
Orc:1:    layout_caves
Orc:2:    grunt_orc_gardens, layout_diamond_mine, grunt_orc_garden,
          grunt_orc_garden, grunt_orc_garden, grunt_orc_garden, basic_altar,
          serial_shops, shop, guppyfry_orc_lava_fort
Vaults:1: portal_desolation_entry_twin_temple, vaults_room_ringed_pool,
          nicolae_vaults_prndl, nicolae_vaults_heart-shaped_vault,
          grunt_vaults_focal, nicolae_vaults_diamond_2,
          nicolae_vaults_thirteen_compartments, hangedman_vaults_nails,
          nicolae_vaults_tangram_1, nicolae_vaults_closet_pinwheel_2,
          nicolae_vaults_mini_display_case, nicolae_vaults_ellipses_ellipsis,
          grunt_vaults_funnel, layout_vaults_omnicross, serial_shops, shop
Desolation

Skill      XL: |  1  2  3  4  5  6  7  8  9 10 11 12 13 14 15 16 17 18 |
---------------+-------------------------------------------------------+-----
Invocations    | 1 2 3 4 5 6 7 8 9 10 11 12 13 14 | 14.2
Short Blades   | 1 2 3 4 5 6 8 9 10 11 12 13 | 13.1
Long Blades    | 1 2 3 4 5 6 8 9 10 11 12 13 | 13.1
Axes           | 1 2 3 4 5 6 8 9 10 11 12 13 | 13.1
Maces & Flails | 1 2 3 4 5 6 8 9 10 11 12 13 | 13.1
Polearms       | 1 2 3 4 5 6 8 9 10 11 12 13 | 13.1
Staves         | 1 2 3 4 5 6 8 9 10 11 12 13 | 13.1
Ranged Weapons | 1 2 3 4 5 6 8 9 10 11 12 13 | 13.1
Throwing       | 1 2 3 4 5 6 8 9 10 11 12 13 | 13.1
Armour         | 1 2 3 4 5 6 8 9 10 11 12 13 | 13.1
Stealth        | 1 2 3 4 5 6 8 9 10 11 12 13 | 13.1
Shields        | 1 2 3 4 5 6 8 9 10 11 12 13 | 13.1
Spellcasting   | 1 2 3 4 5 6 8 9 10 11 12 13 | 13.1
Evocations     | 1 2 3 4 5 6 8 9 10 11 12 13 | 13.1
Conjurations   | 1 2 3 4 5 6 7 8 9 10 11 | 11.1
Hexes          | 1 2 3 4 5 6 7 8 9 10 11 | 11.1
Summonings     | 1 2 3 4 5 6 7 8 9 10 11 | 11.1
Necromancy     | 1 2 3 4 5 6 7 8 9 10 11 | 11.1
Translocations | 1 2 3 4 5 6 7 8 9 10 11 | 11.1
Transmutations | 1 2 3 4 5 6 7 8 9 10 11 | 11.1
Fire Magic     | 1 2 3 4 5 6 7 8 9 10 11 | 11.1
Ice Magic      | 1 2 3 4 5 6 7 8 9 10 11 | 11.1
Air Magic      | 1 2 3 4 5 6 7 8 9 10 11 | 11.1
Earth Magic    | 1 2 3 4 5 6 7 8 9 10 11 | 11.1
Poison Magic   | 1 2 3 4 5 6 7 8 9 10 11 | 11.1
Fighting       | 3 4 5 6 7 8 9 10 11 12 13 | 13.3
Dodging        | 5 6 7 8 9 10 11 12 13 | 13.8
Unarmed Combat | 7 8 9 10 11 12 13 14 | 14.5
Shapeshifting  | 7 8 9 10 11 12 | 12.8

Action                     |  1- 3 |  4- 6 |  7- 9 | 10-12 | 13-15 | 16-18 | 19-21 || total
---------------------------+-------+-------+-------+-------+-------+-------+-------++-------
  Melee: Unarmed           |    60 |   114 |   203 |   457 |  1246 |  1639 |   139 ||  3858
         Punch             |     3 |     2 |       |       |       |       |       ||     5
         Bite              |     3 |     1 |       |    25 |   124 |   301 |    24 ||   478
         Constrict         |       |       |    43 |    91 |    95 |       |       ||   229
         Dagger            |       |       |       |    87 |       |       |       ||    87
         Falchion          |       |       |       |    45 |       |       |       ||    45
         Trident           |       |       |       |    25 |       |       |       ||    25
  Throw: Dart              |       |       |       |       |       |     1 |       ||     1
   Cast: Manifold Assault  |       |       |       |       |       |   177 |       ||   177
         Iskenderun's Myst |       |       |       |       |       |    41 |     3 ||    44
         Passage of Golubr |       |       |       |       |       |     2 |     1 ||     3
         Freezing Cloud    |       |       |       |       |       |   103 |       ||   103
         Blink             |       |       |       |       |       |     1 |     1 ||     2
         Mephitic Cloud    |       |       |       |       |       |    15 |     9 ||    24
         Starburst         |       |       |       |       |       |       |     3 ||     3
         Plasma Beam       |       |       |       |       |       |       |     2 ||     2
 Invoke: Call Merchant     |       |       |       |     1 |       |     1 |       ||     2
         Potion Petition   |       |       |       |       |     3 |     3 |     4 ||    10
Ability: Begin Untransform |       |       |       |     1 |     1 |       |       ||     2
  Evoke: Wand              |       |       |     1 |    18 |    28 |    13 |     5 ||    65
         Phantom mirror    |       |       |       |     2 |     3 |     2 |     1 ||     8
    Use: Potion            |     4 |       |     1 |     5 |     5 |    11 |     9 ||    35
         Scroll            |       |     4 |       |    23 |     9 |    17 |     3 ||    56
   Stab: Sleeping          |       |     1 |     4 |     6 |    13 |    17 |       ||    41
         Distracted        |       |     1 |     2 |     4 |    13 |    12 |     1 ||    33
         Invisible         |       |       |       |     3 |     9 |     1 |     2 ||    15
         Confused          |       |       |       |       |       |    12 |       ||    12
         Paralysed         |       |       |       |       |       |       |     7 ||     7
 Armour: Ring mail         |    19 |    23 |     3 |    76 |   111 |   393 |    31 ||   656
         Skin              |     3 |     3 |    60 |    85 |   106 |     2 |       ||   259
  Dodge: Dodged            |    32 |    56 |   103 |   314 |   400 |   749 |    88 ||  1742
  Block: Other             |     6 |    22 |    45 |    72 |    92 |       |       ||   237
         Reflection        |     1 |     1 |     1 |     1 |    74 |    31 |       ||   109
         Buckler           |       |       |       |    94 |       |       |       ||    94
         Kite shield       |       |       |       |       |   855 |  1870 |   175 ||  2900
   Form: Anaconda          |       |       |     1 |     1 |       |       |       ||     2

Table legend: (Time is in decaauts)
 A = Elapsed time spent in this place.
 B = Non-inter-level travel time spent in this place.
 C = Inter-level travel time spent in this place.
 D = Time resting spent in this place.
 E = Time spent auto-exploring this place.
 F = Levels seen in this place.
 G = Mean time per level.
                   A        B        C        D        E       F      G
               +--------+--------+--------+--------+--------+-----+--------+
         Total |  44622 |  42219 |   2403 |  12657 |  15060 |  37 | 1206.0 |
       Dungeon |  18077 |  16848 |   1229 |   4583 |   7664 |  15 | 1205.1 |
        Temple |    149 |    149 |      0 |     86 |      0 |   1 |  149.0 |
          Lair |   8267 |   7810 |    457 |   2847 |   2763 |   5 | 1653.4 |
         Swamp |   5406 |   5072 |    334 |   1335 |   1628 |   4 | 1351.5 |
   Spider Nest |   7580 |   7268 |    312 |   2624 |   2310 |   4 | 1895.0 |
  Orcish Mines |   1957 |   1888 |     69 |    241 |    645 |   2 |  978.5 |
        Vaults |    189 |    189 |      0 |      0 |      0 |   1 |  189.0 |
         Abyss |    376 |    376 |      0 |     30 |      0 |   1 |  376.0 |
         Trove |     92 |     92 |      0 |      0 |      0 |   1 |   92.0 |
      Ice Cave |   1344 |   1344 |      0 |    720 |     35 |   1 | 1344.0 |
    Desolation |    835 |    835 |      0 |    186 |      0 |   1 |  835.0 |
      Gauntlet |    345 |    345 |      0 |      2 |     15 |   1 |  345.0 |
               +--------+--------+--------+--------+--------+-----+--------+

Top non-repeatable levels by time:
Spider:4: 2767 daAuts
     D:9: 2723 daAuts
  Lair:5: 2419 daAuts
  Lair:1: 2402 daAuts
    D:14: 2102 daAuts
Spider:3: 1787 daAuts
 Swamp:4: 1732 daAuts
 Swamp:3: 1547 daAuts
    D:13: 1522 daAuts
Spider:1: 1512 daAuts
Spider:2: 1512 daAuts
     D:5: 1463 daAuts
  Lair:2: 1369 daAuts
   IceCv: 1344 daAuts
     D:8: 1325 daAuts
